 Dungeon Crawl Stone Soup version 0.31-a0-408-gb642c7f9a3 (webtiles) character file.

Game seed: 7447226493753395291

6114 Shayle the Grappler (level 10, -1/103 HPs)
             Began as a Gnoll Shapeshifter on July 29, 2023.
             Was a Believer of Hepliaklqana.
             Slain by a komodo dragon (5 damage)
             ... on level 1 of the Lair of Beasts.
             The game lasted 00:22:34 (8496 turns).

Shayle the Grappler (Gnoll Shapeshifter)            Turns: 8496, Time: 00:22:34

Health: -1/103     AC: 25    Str: 13 (16) XL:     10   Next: 89%
Magic:  18/18      EV:  2    Int:  7 (8)  God:    Hepliaklqana [**....]
Gold:   550        SH:  5    Dex: 13 (15) Spells: 20/20 levels left

rFire   + . .        r - +2 flail (drain)
rCold   + . .        (no shield)
rNeg    + . .        L - melded +3 leather armour of the Dragon {Rampage rPois}
rPois   +            (helmet currently unavailable)
rElec   +            (cloak currently unavailable)
rCorr   +            (gloves currently unavailable)
SInv    .            (boots currently unavailable)
Will    .....        Q - amulet of Daffodils {Reflect Regen+ SH+5}
Stlth   +++          o - ring of positive energy
HPRegen 1.17/turn    (no ring)
MPRegen 0.16/turn

%: reflection
@: mighty, tree-form (expiring), resistant
A: stationary, stasis, torment immunity, boosted hp, reduced essence, (fangs 1),
strong nose, distributed training, (deformed body), no potion heal 1
a: Renounce Religion, Recall Ancestor, Ancestor Identity


You were on level 1 of the Lair of Beasts.
You worshipped Hepliaklqana.
Hepliaklqana was pleased with you.
You were a tree.
You visited 3 branches of the dungeon, and saw 10 of its levels.
You also visited: Ossuary and Bailey.

You collected 1031 gold pieces.
You spent 481 gold pieces at shops.

Inventory:

Hand Weapons
 l - a +2 flail of venom
 q - a +3 flail
 r - a +2 flail of draining (weapon)
 y - a +4 war axe of freezing
 D - the +8 hand axe of Tegow {heavy, *Rage Fly rPois rN+++ Str-5}
   (You found it on level 6 of the Dungeon)

   Str:       It affects your strength (-5).
   rPois:     It protects you from poison.
   rN:        It renders you almost immune to negative energy.
   Fly:       It grants you flight.
   *Rage:     It berserks you when you make melee attacks (+20% chance).
 N - a +5 trident
Missiles
 K - 18 boomerangs
Armour
 a - a +0 animal skin
 g - a +0 troll leather armour {Pargi}
 i - a +0 pair of boots
 j - a +0 ring mail
 p - +0 steam dragon scales
 t - a +0 pair of gloves
 L - the +3 leather armour of the Dragon (melded) {Rampage rPois}
   (You found it on level 7 of the Dungeon)

   rPois:     It protects you from poison.
   Rampage:   It bestows one free step when moving towards enemies.
 S - a +2 cloak of poison resistance
Jewellery
 o - a ring of positive energy (left branch)
 v - a ring of flight
 Q - the amulet of Daffodils (around neck) {Reflect Regen+ SH+5}
   (You bought it in a shop on level 2 of the Dungeon)

   [amulet of reflection]

   It reflects blocked missile attacks.
   Regen:     It increases your rate of health regeneration.
   SH:        It affects your SH (+5).
Talismans
 c - a beast talisman
 A - a blade talisman
Wands
 z - a wand of paralysis (1)
 M - a wand of mindburst (20)
 R - a wand of flame (15)
Scrolls
 d - 2 scrolls of brand weapon
 k - a scroll of enchant armour {unknown}
 s - a scroll of vulnerability
 u - 3 scrolls of teleportation {unknown}
 w - a scroll of enchant weapon {unknown}
 B - 2 scrolls of revelation {unknown}
 E - 2 scrolls of identify
 I - a scroll of noise {unknown}
 P - a scroll of fear {unknown}
Potions
 e - 3 potions of attraction
 f - a potion of brilliance
 h - 4 potions of enlightenment
 m - a potion of haste
 F - 2 potions of curing
 H - 2 potions of ambrosia
Miscellaneous
 J - a lightning rod (3/4)


   Skills:
 + Level 6.4 Fighting
 + Level 5.8 Short Blades
 + Level 5.8 Long Blades
 + Level 5.8 Axes
 + Level 5.8 Maces & Flails
 + Level 5.8 Polearms
 + Level 5.8 Staves
 + Level 5.8 Ranged Weapons
 + Level 5.8 Throwing
 + Level 5.8 Armour
 + Level 7.5 Dodging
 + Level 5.8 Stealth
 + Level 5.8 Shields
 + Level 8.8 Unarmed Combat
 + Level 5.8 Spellcasting
 + Level 4.8 Conjurations
 + Level 4.8 Hexes
 + Level 4.8 Summonings
 + Level 4.8 Necromancy
 + Level 4.8 Translocations
 + Level 4.8 Transmutations
 + Level 4.8 Fire Magic
 + Level 4.8 Ice Magic
 + Level 4.8 Air Magic
 + Level 4.8 Earth Magic
 + Level 4.8 Poison Magic
 + Level 6.3 Invocations
 + Level 5.8 Evocations
 + Level 8.2 Shapeshifting


You had 20 spell levels left.
You didn't know any spells.
Your spell library contained the following spells:

 Spells                   Type           Power      Damage    Failure   Level
 Kiss of Death            Conj/Necr      32%        2d7       3%          1
 Ensorcelled Hibernation  Hex/Ice        16%        N/A       5%          2
 Lesser Beckoning         Tloc           16%        N/A       5%          2
 Passwall                 Tmut/Erth      6%         N/A       5%          2
 Wereblood                Tmut           8%         N/A       5%          2
 Confusing Touch          Hex            8%         N/A       11%         3
 Gell's Gravitas          Tloc           8%         N/A       11%         3
 Swiftness                Air            8%         N/A       11%         3
 Teleport Other           Tloc           8%         N/A       11%         3
 Tukima's Dance           Hex            8%         N/A       11%         3
 Dispel Undead            Necr           8%         3d8       34%         4
 Passage of Golubria      Tloc           8%         N/A       34%         4
 Irradiate                Conj/Tmut      4%         3d13      69%         5
 Yara's Violent Unravell  Hex/Tmut       4%         3d4       69%         5


Dungeon Overview and Level Annotations

Branches:
Dungeon (8/15)             Temple (1/1) D:4            Lair (1/5) D:8
Ossuary (visited)          Bailey (visited)

Altars:
Cheibriados
Dithmenos
Elyvilon
Fedhas
Gozag
Hepliaklqana
Kikubaaqudgha
Makhleb
Nemelex Xobeh
Okawaru
Qazlal
Ru
Sif Muna
Trog
Uskayaw
Wu Jian
Yredelemnul
Zin
The Shining One

Shops:
D:2 ==?

Annotations:
D:5 2 transporters, Pokonic1's ghost, novice DrBe


Innate Abilities, Weirdness & Mutations

You are a tree.
Your roots penetrate the ground, keeping you stationary.
You cannot be teleported.
You are immune to unholy pain and torment.
Your maximum health is greatly increased.
Your equipment is partially melded.
Your life essence is reduced to manifest your ancestor. (-10% HP)
((You have very sharp teeth.))
Your uncanny sense of smell can sniff out nearby items.
Your experience applies equally to all skills.
((Armour fits poorly on your strangely shaped body.))
Potions are less effective at restoring your health.


Message History

You are confused.
Your system partially rejects the healing.
You feel invigorated.
The wolf bites you but does no damage. x2
The komodo dragon bites you!
* * * LOW HITPOINT WARNING * * *
The wolf bites you but does no damage. The wolf completely misses you.
Kendra hits the komodo dragon with a +0 flail.
Unknown command.
You cannot move. (Use ctrl+direction or * direction to attack while stationary and confused.) Unknown command.
You cannot move. (Use ctrl+direction or * direction to attack while stationary and confused.) Unknown command.
You attack the rock wall.
The wolf bites you but does no damage. The wolf bites you.
* * * LOW HITPOINT WARNING * * *
The komodo dragon bites you.
* * * LOW HITPOINT WARNING * * *
The wolf bites you but does no damage.
You miss the wolf. You punch the wolf!
You kill the wolf!
Your transformation is almost over.
The wolf bites you but does no damage. The wolf barely misses you.
Kendra hits the komodo dragon with a +0 flail!
The komodo dragon bites you but does no damage.
The cane toad stings you but does no damage.
The wolf bites you.
* * * LOW HITPOINT WARNING * * *
You attack the rock wall.
The wolf bites you.
* * * LOW HITPOINT WARNING * * *
The komodo dragon bites you!!
* * * LOW HITPOINT WARNING * * *
The cane toad barely misses you.
Unknown command.
Unknown command.
It was a potion of resistance.
You feel protected.
You feel less invigorated.
You feel less confused. The wolf barely misses you.
The komodo dragon bites you.
You die...

...........#####..##
.........####..R..#
#.....#.## ##....##
####..##.# #.....#
..##..#..# ##...##
......#†.## #....#
..P....#..## #...##
........RlP####...# ###P
........lF♣.##P...# ...
........##h.......# #..
........P#.....P)## ##..
.......P##.......# ###...
.....#.....##.#..### #....#
......#.....##.....###...##
....#....>.........#.......
.. #.......[............##
. .P#...........#.##


You could see the friendly Kendra the knight, 2 komodo dragons, a cane toad and
a wolf.

Vanquished Creatures
  A kobold demonologist (D:7)
  Grinder (D:4)
  Sigmund (D:4)
  4 yaks (D:7)
  A wyvern (D:7)
  Eustachio (D:4)
  A steam dragon (D:7)
  Edmund (D:5)
  An acid dragon (D:7)
  3 water moccasins
  Pargi (D:4)
  An ice beast (D:5)
  5 orc warriors
  3 black bears (D:5)
  5 wolves (Lair:1)
  A phantom (D:7)
  A bullfrog (D:7)
  A scorpion (D:4)
  7 wights
  2 howler monkeys (D:7)
  An electric eel (D:7)
  4 hounds
  A jelly (D:5)
  An orc priest (D:7)
  Crazy Yiuf (D:2)
  A gnoll bouda (D:3)
  Natasha (thrice) (D:2)
  4 iguanas
  2 orc wizards
  2 mummies (Ossuary)
  6 gnolls
  4 adders
  2 shadow imps
  2 white imps
  2 ufetubi (D:5)
  A worm (D:7)
  2 dart slugs
  15 orcs
  5 ball pythons
  9 bats
  4 endoplasms
  2 giant cockroaches
  4 goblins
  5 hobgoblins
  9 jackals
  20 kobolds
  5 quokkas
  2 frilled lizards
  2 goblin zombies (Ossuary)
  2 hobgoblin zombies (Ossuary)
  4 kobold zombies (Ossuary)
  3 quokka zombies (Ossuary)
  4 rats
  2 rat zombies (Ossuary)
178 creatures vanquished.

Vanquished Creatures (collateral kills)
  A yak (D:7)
  A wyvern (D:7)
  A basilisk (D:8)
  A water moccasin (D:7)
  2 orc warriors (Bailey)
  3 wolves (Lair:1)
  A kobold brigand (D:7)
  2 wights (D:7)
  A jelly (D:7)
  2 iguanas
  A mummy (Ossuary)
  A gnoll (Bailey)
  3 orcs
  A goblin (Bailey)
  6 kobolds
  2 hobgoblin zombies (Ossuary)
  A kobold zombie (Ossuary)
  A quokka zombie (Ossuary)
  A rat zombie (Ossuary)
32 creatures vanquished.

Vanquished Creatures (others)
  An ancestor (D:7)
  2 knights
3 creatures vanquished.

Grand Total: 213 creatures vanquished

Notes
Turn   | Place    | Note
-------+----------+-------------------------------------------
     0 | D:1      | Shayle the Gnoll Shapeshifter began the quest for the Orb.
     0 | D:1      | Reached XP level 1. HP: 17/17 MP: 1/1
   153 | D:1      | Reached XP level 2. HP: 23/23 MP: 2/2
   415 | D:1      | Reached XP level 3. HP: 20/28 MP: 2/4
   721 | D:2      | Reached skill level 1 in Invocations
   796 | D:2      | Noticed Natasha
   802 | D:2      | Killed Natasha
   803 | D:2      | Reached skill level 1 in Short Blades
   803 | D:2      | Reached skill level 1 in Long Blades
   803 | D:2      | Reached skill level 1 in Axes
   803 | D:2      | Reached skill level 1 in Maces & Flails
   803 | D:2      | Reached skill level 1 in Polearms
   803 | D:2      | Reached skill level 1 in Staves
   803 | D:2      | Reached skill level 1 in Ranged Weapons
   803 | D:2      | Reached skill level 1 in Throwing
   803 | D:2      | Reached skill level 1 in Armour
   803 | D:2      | Reached skill level 1 in Stealth
   803 | D:2      | Reached skill level 1 in Shields
   803 | D:2      | Reached skill level 1 in Spellcasting
   803 | D:2      | Reached skill level 1 in Evocations
   803 | D:2      | Reached XP level 4. HP: 22/34 MP: 5/5
   912 | D:2      | Found a runed translucent door.
   913 | D:2      | Noticed Crazy Yiuf
  1016 | D:2      | Noticed Natasha
  1025 | D:2      | Killed Natasha
  1026 | D:2      | Reached skill level 1 in Conjurations
  1026 | D:2      | Reached skill level 1 in Hexes
  1026 | D:2      | Reached skill level 1 in Summonings
  1026 | D:2      | Reached skill level 1 in Necromancy
  1026 | D:2      | Reached skill level 1 in Translocations
  1026 | D:2      | Reached skill level 1 in Transmutations
  1026 | D:2      | Reached skill level 1 in Fire Magic
  1026 | D:2      | Reached skill level 1 in Ice Magic
  1026 | D:2      | Reached skill level 1 in Air Magic
  1026 | D:2      | Reached skill level 1 in Earth Magic
  1026 | D:2      | Reached skill level 1 in Poison Magic
  1028 | D:2      | Found Voojas Resk's Jewellery Shop.
  1325 | D:2      | Found Lachinkaots's Magic Scroll Boutique.
  1405 | D:2      | Found Poruek's Jewellery Shoppe.
  1409 | D:2      | Noticed Natasha
  1416 | D:2      | Killed Natasha
  1417 | D:2      | Reached XP level 5. HP: 33/40 MP: 5/7
  2226 | D:4      | Noticed Grinder
  2498 | D:4      | Reached XP level 6. HP: 36/47 MP: 8/8
  2545 | D:4      | Killed Grinder
  2546 | D:4      | Reached skill level 5 in Dodging
  2595 | D:4      | Found an iron altar of Okawaru.
  2625 | D:4      | Found a staircase to the Ecumenical Temple.
  2639 | Temple   | Entered the Ecumenical Temple
  2714 | Temple   | Became a worshipper of Hepliaklqana the Forgotten
  2768 | D:4      | Found an ancient bone altar of Kikubaaqudgha.
  2782 | D:4      | Reached XP level 7. HP: 50/52 MP: 10/10
  2792 | D:4      | Found a blossoming altar of Fedhas.
  2987 | D:4      | Found a sparkling altar of Nemelex Xobeh.
  3031 | D:4      | Found a glowing silver altar of Zin.
  3060 | D:4      | Noticed Eustachio
  3094 | D:4      | Killed Eustachio
  3270 | D:4      | Found a sacrificial altar of Ru.
  3279 | D:4      | Noticed Sigmund
  3284 | D:4      | Killed Sigmund
  3285 | D:4      | Reached XP level 8. HP: 60/60 MP: 12/12
  3292 | D:4      | Noticed Pargi
  3304 | D:4      | Killed Pargi
  3877 | D:5      | Entered Level 5 of the Dungeon
  3978 | D:5      | Found a bloodstained altar of Trog.
  4011 | D:5      | Identified the +0 scale mail of the Guild-Master {Str+2}
  4116 | D:5      | Found a transporter.
  4137 | D:5      | Found a white marble altar of Elyvilon.
  4421 | D:5      | Found a transporter.
  4490 | D:5      | Reached * piety under Hepliaklqana
  4545 | D:5      | Noticed Pokonic1's ghost (novice DrBe)
  4594 | D:5      | Noticed Edmund
  4601 | D:5      | Killed Edmund
  4865 | D:6      | Reached XP level 9. HP: 57/59 MP: 14/14
  5012 | D:6      | Identified the +8 hand axe of Tegow {heavy, *Rage Fly rPois
                  | rN+++ Str-5}
  5364 | D:6      | Identified the +2 plate armour "Ykaabb" {Str+3 Int+3}
  5562 | D:7      | Reached skill level 5 in Fighting
  5617 | D:7      | Found a flagged portal.
  5660 | D:7      | Found a burning altar of Makhleb.
  5730 | D:7      | Found a sand-covered staircase.
  5739 | Ossuary  | Entered an ossuary
  5829 | Ossuary  | Reached ** piety under Hepliaklqana
  5830 | Ossuary  | Remembered your ancestor Kendra as a knight
  5923 | Bailey   | Entered a bailey
  6119 | Bailey   | Reached skill level 5 in Invocations
  6327 | D:7      | Identified the +3 leather armour of the Dragon {Rampage
                  | rPois}
  6352 | D:7      | Noticed a kobold demonologist
  6356 | D:7      | Noticed a red devil
  6358 | D:7      | Killed a kobold demonologist
  6359 | D:7      | Reached XP level 10. HP: 43/67 MP: 17/17
  6663 | D:7      | Reached skill level 5 in Short Blades
  6663 | D:7      | Reached skill level 5 in Long Blades
  6663 | D:7      | Reached skill level 5 in Axes
  6663 | D:7      | Reached skill level 5 in Maces & Flails
  6663 | D:7      | Reached skill level 5 in Polearms
  6663 | D:7      | Reached skill level 5 in Staves
  6663 | D:7      | Reached skill level 5 in Ranged Weapons
  6663 | D:7      | Reached skill level 5 in Throwing
  6663 | D:7      | Reached skill level 5 in Armour
  6663 | D:7      | Reached skill level 5 in Stealth
  6663 | D:7      | Reached skill level 5 in Shields
  6663 | D:7      | Reached skill level 5 in Spellcasting
  6663 | D:7      | Reached skill level 5 in Evocations
  6955 | D:2      | Bought the amulet of Daffodils {Reflect Regen+ SH+5} for
                  | 481 gold pieces
  7067 | D:2      | Killed Crazy Yiuf
  7649 | D:7      | Found a snail-covered altar of Cheibriados.
  7792 | D:8      | Found a staircase to the Lair.
  8313 | Lair:1   | Entered Level 1 of the Lair of Beasts
  8483 | Lair:1   | Noticed a cane toad
  8491 | Lair:1   | Gained mutation: Potions are less effective at restoring
                  | your health. [potion of mutation]
  8491 | Lair:1   | Gained mutation: Armour fits poorly on your strangely
                  | shaped body. [potion of mutation]
  8495 | Lair:1   | HP: 1/103 [komodo dragon (20)]
  8496 | Lair:1   | Slain by a komodo dragon

Illustrated notes

Levels and vault maps discovered:
D:1:      spicycebolla_arrival_ecumenical, layout_basic
D:2:      layout_loops_cross, serial_shops, shop, nicolae_shop_back_alley_shop,
          nicolae_shop_tiny_real_fake_doors, uniq_crazy_yiuf_cottage,
          uniq_natasha
D:3:      layout_basic
D:4:      layout_loops_corners, fedhas_ov_isle_minmay,
          okawaru_ov_weapons_minmay, kennysheep_mini,
          mainiacjoe_overflow_tiny_flanked, kennysheep_mini_moat,
          nicolae_overflow_hidden_temple, minmay_temple_entry_gardened_gates,
          st_stairs_4, grunt_ministairs_6, uniq_grinder, uniq_sigmund,
          uniq_eustachio, uniq_pargi
D:5:      layout_loops_corners, trog_ov_bears_minmay, elyvilon_altar_1,
          gammafunk_ghost_gnarly_gnolls, uniq_edmund
D:6:      layout_basic
D:7:      layout_loops_ring, kennysheep_little_box, slow_altar_2,
          enter_bailey_2, nicolae_ossuary_entry_ruins, lightli_minifort
D:8:      layout_cave_pods, minmay_lair_entry_grove, serial_shops, shop
Temple:   hellmonk_temple_beads
Lair:1:   layout_misc_corridors, nicolae_quartered_pool_super,
          infiniplex_staircase_pool, serial_bayou_shore_a

Skill      XL: |  1  2  3  4  5  6  7  8  9 10 |
---------------+-------------------------------+-----
Invocations    | 1 2 3 4 5 6 |  6.3
Short Blades   | 1 2 3 4 5 |  5.8
Long Blades    | 1 2 3 4 5 |  5.8
Axes           | 1 2 3 4 5 |  5.8
Maces & Flails | 1 2 3 4 5 |  5.8
Polearms       | 1 2 3 4 5 |  5.8
Staves         | 1 2 3 4 5 |  5.8
Ranged Weapons | 1 2 3 4 5 |  5.8
Throwing       | 1 2 3 4 5 |  5.8
Armour         | 1 2 3 4 5 |  5.8
Stealth        | 1 2 3 4 5 |  5.8
Shields        | 1 2 3 4 5 |  5.8
Spellcasting   | 1 2 3 4 5 |  5.8
Evocations     | 1 2 3 4 5 |  5.8
Conjurations   | 1 2 3 4 |  4.8
Hexes          | 1 2 3 4 |  4.8
Summonings     | 1 2 3 4 |  4.8
Necromancy     | 1 2 3 4 |  4.8
Translocations | 1 2 3 4 |  4.8
Transmutations | 1 2 3 4 |  4.8
Fire Magic     | 1 2 3 4 |  4.8
Ice Magic      | 1 2 3 4 |  4.8
Air Magic      | 1 2 3 4 |  4.8
Earth Magic    | 1 2 3 4 |  4.8
Poison Magic   | 1 2 3 4 |  4.8
Fighting       | 3 4 5 6 |  6.4
Dodging        | 5 6 7 |  7.5
Unarmed Combat | 7 8 |  8.8
Shapeshifting  | 7 8 |  8.2

Action                     |  1- 3 |  4- 6 |  7- 9 | 10-12 || total
---------------------------+-------+-------+-------+-------++-------
  Melee: Unarmed           |    59 |    29 |       |       ||    88
         Bite              |     4 |     7 |    28 |    16 ||    55
         Flail             |       |    35 |   270 |   105 ||   410
         Punch             |       |       |    12 |     8 ||    20
 Invoke: Recall Ancestor   |       |       |     1 |     4 ||     5
         Ancestor Life: Kn |       |       |     1 |       ||     1
  Evoke: Wand              |       |     1 |     5 |     7 ||    13
         Lightning rod     |       |       |       |     1 ||     1
    Use: Potion            |       |       |     8 |    12 ||    20
         Scroll            |       |       |     3 |     1 ||     4
   Stab: Sleeping          |     2 |       |     8 |     2 ||    12
         Paralysed         |       |     4 |     5 |     5 ||    14
         Distracted        |       |       |     3 |     2 ||     5
 Armour: Animal skin       |    10 |       |       |       ||    10
         Ring mail         |     3 |    12 |    30 |       ||    45
         Troll leather arm |       |       |    51 |       ||    51
         Skin              |       |       |       |    24 ||    24
         Leather armour    |       |       |       |    23 ||    23
  Dodge: Dodged            |    38 |    37 |   222 |   110 ||   407
  Block: Other             |       |       |       |    38 ||    38
         Reflection        |       |       |       |     1 ||     1

Table legend: (Time is in decaauts)
 A = Elapsed time spent in this place.
 B = Non-inter-level travel time spent in this place.
 C = Inter-level travel time spent in this place.
 D = Time resting spent in this place.
 E = Time spent auto-exploring this place.
 F = Levels seen in this place.
 G = Mean time per level.
                   A        B        C        D        E       F      G
               +--------+--------+--------+--------+--------+-----+--------+
         Total |   8580 |   7212 |   1368 |    747 |   4418 |  12 |  715.0 |
       Dungeon |   7786 |   6517 |   1269 |    680 |   4367 |   8 |  973.2 |
        Temple |    100 |      1 |     99 |      0 |      0 |   1 |  100.0 |
          Lair |    186 |    186 |      0 |     52 |     49 |   1 |  186.0 |
       Ossuary |    153 |    153 |      0 |     15 |      0 |   1 |  153.0 |
        Bailey |    354 |    354 |      0 |      0 |      2 |   1 |  354.0 |
               +--------+--------+--------+--------+--------+-----+--------+

Top non-repeatable levels by time:
     D:7: 1591 daAuts
     D:4: 1454 daAuts
     D:2: 1051 daAuts
     D:3: 1041 daAuts
     D:5: 963 daAuts
     D:6: 910 daAuts
     D:1: 711 daAuts
  Bailey: 354 daAuts
  Lair:1: 186 daAuts
 Ossuary: 153 daAuts
  Temple: 100 daAuts
     D:8: 61 daAuts
